 Dungeon Crawl Stone Soup version 0.25-a0-1073-gf4359a17dd (webtiles) character file.

Game seed: 8811429387399874848, levelgen mode: deterministic

2851 Flugslaktarn the Cleaver (level 9, -11/82 HPs)
             Began as a Deep Dwarf Fighter on May 14, 2020.
             Mangled by a manticore (17 damage)
             ... on level 7 of the Dungeon.
             The game lasted 00:02:03 (3228 turns).

Flugslaktarn the Cleaver (Deep Dwarf Fighter)       Turns: 3228, Time: 00:02:03

Health: -11/82     AC: 12    Str: 23    XL:     9   Next: 46%
Magic:  8/8        EV:  6    Int:  8    God:
Gold:   273        SH: 11    Dex: 13    Spells: 8/8 levels left

rFire    . . .     SeeInvis .   a - +0 war axe
rCold    . . .     Gourm    .   c - +0 kite shield
rNeg     . . .     Faith    .   i - +0 chain mail
rPois    .         Spirit   .   (no helmet)
rElec    .         Reflect  +   (no cloak)
rCorr    .         Harm     .   (no gloves)
MR       +....                  p - +1 pair of boots
Stlth    ..........             g - amulet of reflection
HPRegen  0.00/turn              (no ring)
MPRegen  0.11/turn              (no ring)

@: non-regenerating
A: damage resistance, heal wounds, sense surroundings 2, no regeneration
a: Heal Wounds


You were on level 7 of the Dungeon.
You were near starving.

You visited 2 branches of the dungeon, and saw 8 of its levels.

You collected 273 gold pieces.

Inventory:

Hand Weapons
 a - a +0 war axe (weapon)
Missiles
 j - a throwing net (quivered)
Armour
 c - a +0 kite shield (worn)
 i - a +0 chain mail (worn)
   (You found it on level 5 of the Dungeon)
 p - a +1 pair of boots (worn)
   (You found it on level 4 of the Dungeon)
Jewellery
 f - a +4 ring of slaying {unknown}
   (You found it on level 6 of the Dungeon)
 g - an amulet of reflection (around neck)
   (You found it on level 2 of the Dungeon)
 r - an uncursed ring of fire {unknown}
   (You found it on level 7 of the Dungeon)
Wands
 n - a wand of iceblast (15)
   (You found it on level 4 of the Dungeon)
 v - a wand of digging (7)
   (You took it off Ijyb on level 5 of the Dungeon)
Scrolls
 k - a scroll of random uselessness {unknown}
 m - a scroll of brand weapon {unknown}
 o - 3 scrolls of teleportation {unknown}
 s - a scroll of enchant weapon {unknown}
 x - a scroll of remove curse
Potions
 d - 2 potions of might
 h - 3 potions of lignification
 l - 2 potions of flight
 q - 3 potions of curing
Comestibles
 e - 5 rations


   Skills:
 + Level 6.0 Fighting
 * Level 9.4 Axes
 + Level 7.2 Armour
 + Level 7.2 Shields


You had 8 spell levels left.
You didn't know any spells.
Your spell library was empty.

Dungeon Overview and Level Annotations

Branches:
Dungeon (7/15)             Temple (1/1) D:4

Altars:
Ashenzari
Cheibriados
Dithmenos
Fedhas
Gozag
Hepliaklqana
Kikubaaqudgha
Nemelex Xobeh
Okawaru
Qazlal
Ru
Trog
Uskayaw
Xom
Yredelemnul
Zin
The Shining One


Innate Abilities, Weirdness & Mutations

You are resistant to damage.
You can heal yourself by infusing magical energy.
You passively map the area around you.
You do not regenerate.


Message History

You hit the manticore.
The manticore is moderately wounded.
The manticore barely misses you. You block the manticore's attack.
The manticore claws you but does no damage.
You slash the manticore!
The manticore is heavily wounded.
The manticore bites you!!
* * * LOW HITPOINT WARNING * * *
The manticore claws you.
* * * LOW HITPOINT WARNING * * *
You block the manticore's attack.
You barely miss the manticore.
The manticore is heavily wounded.
You carefully extract the barbed spikes from your body.
You block the manticore's attack. x2; The manticore claws you.
* * * LOW HITPOINT WARNING * * *
You barely miss the manticore.
The manticore is heavily wounded.
The manticore bites you!!
You die...

,...#....## , ,
*###......# *, .
##......... ,..* ####
###...###....
*...###..####...###......
#........##..###........
*
............##..........
*
...........#............
,
......H@..##............
.......†..# ............
, ,,..........#
............ ,,
...........#............
,
,...........#............
, ............,
,......... ,,
.........#... .........
.........#....,.........
,,, , ,* ,........


You could see a manticore (skewered).

Vanquished Creatures
  The ghost of janekpiasek the Changer, a novice OpTm of Okawaru (D:7)
  2 hungry ghosts (D:7)
  Duvessa (D:5)
  2 black bears
  4 ice beasts
  An ogre (D:4)
  A phantom (D:7)
  A centaur (D:5)
  2 bullfrogs (D:7)
  2 scorpions
  Dowan (D:5)
  5 wights (D:7)
  A howler monkey (D:4)
  4 crimson imps
  A gnoll shaman (D:7)
  2 hounds
  2 orc priests
  3 bullfrog skeletons
  Ijyb (D:5)
  2 orc wizards (D:5)
  4 worker ants
  A hound skeleton (D:7)
  A mummy (D:4)
  A worker ant zombie (D:7)
  3 gnolls (D:7)
  3 adders
  A shadow imp (D:6)
  An ooze (D:4)
  3 worms
  A leopard gecko (D:4)
  13 orcs
  A bat (D:3)
  A giant cockroach (D:3)
  A hobgoblin (D:2)
  4 quokkas
  3 frilled lizards
  A leopard gecko skeleton (D:5)
  A quokka zombie (D:5)
  A rat (D:1)
84 creatures vanquished.

Notes
Turn   | Place    | Note
-------+----------+-------------------------------------------
     0 | D:1      | Flugslaktarn the Deep Dwarf Fighter began the quest for the
                  | Orb.
     0 | D:1      | Reached XP level 1. HP: 20/20 MP: 1/1
   118 | D:2      | Found a stormy altar of Qazlal.
   151 | D:2      | Reached XP level 2. HP: 21/27 MP: 2/2
   156 | D:2      | Reached skill level 3 in Axes
   156 | D:2      | Reached XP level 3. HP: 24/34 MP: 3/3
   185 | D:2      | Reached XP level 4. HP: 24/42 MP: 4/4
   287 | D:4      | Found a staircase to the Ecumenical Temple.
   297 | Temple   | Entered the Ecumenical Temple
   572 | D:4      | Reached skill level 4 in Axes
   572 | D:4      | Reached XP level 5. HP: 40/49 MP: 5/5
   813 | D:4      | Noticed an ogre
   822 | D:4      | Killed an ogre
   822 | D:4      | Reached XP level 6. HP: 33/57 MP: 6/6
   852 | D:4      | Reached skill level 5 in Axes
  1379 | D:5      | Entered Level 5 of the Dungeon
  1379 | D:5      | Noticed an ice beast
  1396 | D:5      | Killed an ice beast
  1396 | D:5      | Reached XP level 7. HP: 52/64 MP: 6/6
  1434 | D:5      | Reached skill level 5 in Armour
  1434 | D:5      | Reached skill level 5 in Shields
  1539 | D:5      | Reached skill level 6 in Axes
  1716 | D:5      | Noticed Dowan
  1716 | D:5      | Noticed Duvessa
  1738 | D:5      | Killed Dowan
  1743 | D:5      | Killed Duvessa
  1824 | D:5      | Noticed Ijyb
  1854 | D:5      | Killed Ijyb
  1854 | D:5      | Reached XP level 8. HP: 53/73 MP: 7/7
  1858 | D:5      | Found a glowing golden altar of the Shining One.
  2215 | D:6      | Reached skill level 7 in Axes
  2784 | D:7      | Reached skill level 5 in Fighting
  2837 | D:7      | Reached skill level 8 in Axes
  2971 | D:7      | Gained mutation: You passively map the area around you.
                  | [Deep Dwarf growth]
  2971 | D:7      | Reached XP level 9. HP: 45/81 MP: 8/8
  3012 | D:7      | Found a runed translucent door.
  3013 | D:7      | Noticed janekpiasek's ghost (novice OpTm)
  3097 | D:7      | Killed janekpiasek's ghost
  3097 | D:7      | Reached skill level 9 in Axes
  3215 | D:7      | Noticed a manticore
  3228 | D:7      | Mangled by a manticore

Illustrated notes

Levels and vault maps discovered:
D:1:      dpeg_arrival_renting, layout_loops_ring
D:2:      cheibrodos_pilgrimage, layout_basic, nicolae_qazlal_general_emergency,
          uniq_sigmund
D:3:      layout_basic
D:4:      layout_basic, minmay_temple_entry_proselytizer,
          gup_ossuary_entry_pyramid, nicolae_zen_rock_garden,
          serial_park_tiny_1, minmay_pentangle
D:5:      layout_loops_ring, lemuel_coloured_pillars_altar, first_ration,
          uniq_ijyb, uniq_duvessa
D:6:      layout_loops_ring, hangedman_decor_peaks_small
D:7:      layout_cave_pods, hellmonk_ghost_happy_afterlife
Temple:   regret_index_temple_sphere_string

Skill      XL: |  1  2  3  4  5  6  7  8  9 |
---------------+----------------------------+-----
Fighting       | 3 4 5 6 |  6.0
Axes           | 3 4 5 6 8 9 |  9.4
Armour         | 4 5 6 7 |  7.2
Shields        | 4 5 6 7 |  7.2

Action                   |  1- 3 |  4- 6 |  7- 9 || total
-------------------------+-------+-------+-------++-------
Melee: War axe           |    29 |    96 |   343 ||   468
 Abil: Heal Wounds       |     1 |     3 |     4 ||     8
  Use: Scroll            |       |       |     6 ||     6
  Eat: Chunk             |       |     1 |     8 ||     9
       Ration            |       |       |     5 ||     5
Armor: Scale mail        |    10 |    40 |    22 ||    72
       Chain mail        |       |       |   138 ||   138
Dodge: Dodged            |    13 |    26 |    67 ||   106
Block: Kite shield       |    17 |    51 |   202 ||   270
       Reflection        |       |     5 |     2 ||     7

Table legend:
 A = Non-vault XP
 B = Vault XP
 C = Vault XP percentage of total XP
 D = Non-vault monster count
 E = Vault monster count
 F = Vault count percentage of total count
                 A         B        C        D         E       F
            +---------+---------+-------+---------+---------+-------
      Total |    2871 |    1202 |  29.5 |      70 |      14 |  16.7
            +---------+---------+-------+---------+---------+-------
        D:1 |       1 |       0 |   0.0 |       1 |       0 |   0.0
        D:2 |      58 |      53 |  47.7 |       6 |       5 |  45.5
        D:3 |       7 |       0 |   0.0 |       3 |       0 |   0.0
        D:4 |     223 |     224 |  50.1 |       9 |       5 |  35.7
        D:5 |     700 |     254 |  26.6 |      19 |       3 |  13.6
        D:6 |     278 |       0 |   0.0 |       4 |       0 |   0.0
        D:7 |    1604 |     671 |  29.5 |      28 |       1 |   3.4
            +---------+---------+-------+---------+---------+-------
